AoeStats
← xDou

Arena

508276054Analyzed
2v2 RM · 12d ago on Sep 21, 2026· 46m 51s· 4 players
Game mode
Random Map
Map size
Medium (4 player)
Population
200
Speed
Normal
Resources
Standard
Victory
Conquest
Starting age
Dark Age
Ending age
Imperial Age
RankedLock teamsTeams togetherTeam positionsShared explorationLock speedFull tech treeHidden civsTurbo modeCheats
Victory
Defeat
🇧🇷 Khmer · Brazil
1029
+15
🇧🇷 Romans · Brazil
903
+19
🇩🇪 Khmer · Germany
998
-17
🇩🇪 Byzantines · Germany
998
-17
Soulman
5:13 Loom
10:05 Feudal Age
13:48 Castle Age
12:35 Double-Bit Axe
12:33 Horse Collar
22:11 Stone Mining
22:41 Crossbowman
24:54 Bow Saw
24:49 Gold Mining
25:34 Stone Shaft Mining
26:46 Fletching
26:56 Padded Archer Armor
27:08 Forging
27:03 Scale Barding Armor
27:54 Bloodlines
27:45 Husbandry
29:06 Heavy Plow
31:40 Imperial Age
30:46 Wheelbarrow
29:56 Town Watch
31:00 Tusk Swords
31:33 Murder Holes
31:48 Fortified Wall
31:59 Ballistics
31:52 Masonry
32:39 Iron Casting
32:24 Chain Barding Armor
32:00 Bodkin Arrow
32:21 Leather Archer Armor
32:45 Conscription
33:09 Gold Shaft Mining
33:47 Chemistry
35:04 Hand Cart
36:42 Elite Battle Elephant
38:32 Plate Barding Armor
38:30 Light Cavalry
39:15 Hussar
44:39 Onager
LemurChef278
11:24 Feudal Age
15:44 Castle Age
14:02 Double-Bit Axe
14:46 Horse Collar
17:12 Loom
17:55 Bow Saw
21:29 Heavy Plow
21:26 Gold Mining
21:27 Stone Mining
24:20 Wheelbarrow
25:23 Crossbowman
25:47 Pikeman
27:15 Fletching
28:21 Bodkin Arrow
28:28 Padded Archer Armor
31:38 Imperial Age
31:24 Thumb Ring
32:16 Halberdier
32:59 Scale Mail Armor
33:11 Forging
33:02 Bracer
33:18 Leather Archer Armor
35:07 Chemistry
35:15 Squires
35:02 Gambesons
36:29 Hand Cart
39:27 Conscription
38:34 Arbalester
40:30 Iron Casting
40:11 Chain Mail Armor
40:26 Cavalier
40:32 Light Cavalry
linomiotto
11:57 Feudal Age
15:55 Castle Age
14:17 Double-Bit Axe
15:48 Horse Collar
16:54 Pikeman
22:18 Wheelbarrow
23:22 Heavy Plow
25:13 Hand Cart
25:27 Bow Saw
27:00 Loom
30:02 Imperial Age
27:38 Scale Mail Armor
28:11 Squires
28:36 Chain Mail Armor
28:31 Forging
29:00 Gold Mining
30:43 Ballistics
30:51 Heavy Scorpion
30:59 Halberdier
33:22 Iron Casting
32:40 Fletching
33:53 Chemistry
32:59 Siege Engineers
33:37 Ballistas
34:50 Gold Shaft Mining
34:34 Town Watch
35:19 Conscription
38:25 Elite Centurion
42:01 Bloodlines
41:52 Husbandry
41:12 Light Cavalry
43:55 Town Patrol
xDou
10:30 Feudal Age
15:02 Castle Age
13:06 Double-Bit Axe
16:26 Bow Saw
22:01 Horse Collar
22:34 Bow Saw
23:44 Heavy Plow
25:16 Light Cavalry
26:07 Bloodlines
25:57 Husbandry
26:51 Forging
30:49 Imperial Age
28:30 Husbandry
30:16 Loom
32:07 Wheelbarrow
32:06 Crop Rotation
31:01 Hussar
32:48 Chemistry
33:01 Town Watch
32:40 Heavy Scorpion
33:58 Scale Barding Armor
33:53 Padded Archer Armor
33:44 Fletching
34:32 Iron Casting
35:17 Ballistics
35:01 Double Crossbow
35:31 Gold Mining
35:33 Stone Mining
36:20 Siege Engineers
37:07 Chain Barding Armor
37:47 Blast Furnace
36:44 Bodkin Arrow
37:49 Gold Shaft Mining
37:50 Stone Shaft Mining
Connection lost

Rejoining the realm…

Still unreachable

The connection could not be restored.

Session expired

The server has moved on; the page needs a fresh start.